[ AOE2 MATCH · #507866558 ]
UnrankedWu vs Huns
Player's team · LOSS
Rival team · WIN
[ REPLAY ANALYSIS · EXTRACTED FROM THE RECORDED GAME ]
Feudal
9:22
Castle
—
Imperial
—
| APM avg | 50.0 |
| APM peak | 85 |
| eAPM avg | 20.8 |
| Villagers / military | 41 / 21 |
Focus
⚔️ 37.6% · 🌾 62.4%
Archer ×17 · Militia ×4
Feudal
10:07
Castle
—
Imperial
—
| APM avg | 78.0 |
| APM peak | 126 |
| eAPM avg | 26.6 |
| Villagers / military | 37 / 37 |
Focus
⚔️ 36.2% · 🌾 63.8%
Archer ×33 · Militia ×3 · Skirmisher ×1
Match map
Initial resources + every placement click. Lines = walls · curves = elevation contours. ◆ gold · ⬟ stone · ● berries · ✦ relic · ◌ wall gap
Your base· Open — unwalled flank
Pedro's base· Open — unwalled flank
Smoothed initial terrain · ◌ = detected wall gap · hover for details
Inputs per minute
— jimmyjedi - - Pedro
Build order — jimmyjedi
101 actions detected in the replay
| 0:00 | Queue | Villager (Male) |
| 0:01 | Queue | Villager (Male) |
| 0:01 | Queue | Villager (Male) |
| 0:01 | Queue | Villager (Male) |
| 0:02 | Build | House |
| 0:03 | Build | House |
| 1:27 | Queue | Villager (Male) |
| 1:59 | Build | Lumber Camp |
| 2:04 | Queue | Villager (Male) |
| 2:04 | Queue | Villager (Male) |
| 2:17 | Queue | Villager (Male) |
| 2:17 | Queue | Villager (Male) |
| 2:40 | Build | Palisade Wall |
| 2:45 | Queue | Villager (Male) |
| 2:46 | Queue | Villager (Male) |
| 3:03 | Queue | Villager (Male) |
| 3:23 | Build | House |
| 3:27 | Build | House |
| 3:32 | Queue | Villager (Male) |
| 3:33 | Queue | Villager (Male) |
| 4:03 | Queue | Villager (Male) |
| 4:04 | Queue | Villager (Male) |
| 4:23 | Queue | Villager (Male) |
| 4:59 | Queue | Villager (Male) |
| 5:06 | Build | Barracks |
| 5:21 | Queue | Villager (Male) |
| 5:28 | Build | House |
| 5:55 | Queue | Villager (Male) |
| 5:55 | Queue | Villager (Male) |
| 6:16 | Research | Loom |
| 6:52 | Build | Mining Camp |
| 7:12 | Research | Feudal Age |
| 7:15 | Queue | Militia |
| 7:36 | Build | Palisade Wall |
| 7:38 | Build | Palisade Wall |
| 7:39 | Build | Palisade Wall |
| 7:42 | Build | Palisade Wall |
| 7:45 | Build | Palisade Wall |
| 7:50 | Queue | Militia |
| 7:56 | Build | Palisade Wall |
| 8:04 | Build | House |
| 8:08 | Build | House |
| 8:12 | Queue | Militia |
| 8:26 | Build | Mill |
| 8:30 | Queue | Militia |
| 8:36 | Build | House |
| 9:04 | Queue | Villager (Male) |
| 9:22 | Age | Feudal Age |
| 9:42 | Build | Farm |
| 9:43 | Build | Farm |
| 9:45 | Build | Farm |
| 9:48 | Build | Farm |
| 10:01 | Queue | Villager (Male) |
| 10:01 | Queue | Villager (Male) |
| 10:17 | Build | Palisade Wall |
| 10:18 | Build | Palisade Wall |
| 10:30 | Build | Farm |
| 10:32 | Build | Farm |
| 10:49 | Queue | Villager (Male) |
| 10:51 | Build | Farm |
| 10:59 | Research | Man-at-Arms (upgrade) |
| 11:29 | Queue | Villager (Male) |
| 11:45 | Queue | Villager (Male) |
| 11:51 | Research | Double-Bit Axe |
| 12:05 | Build | Archery Range |
| 12:08 | Queue | Villager (Male) |
| 12:22 | Queue | Villager (Male) |
| 12:34 | Build | House |
| 12:56 | Queue | Archer |
| 13:08 | Build | House |
| 13:10 | Queue | Villager (Male) |
| 13:12 | Build | Archery Range |
| 13:25 | Queue | Archer |
| 13:34 | Queue | Villager (Male) |
| 13:54 | Queue | Archer |
| 13:58 | Queue | Villager (Male) |
| 14:08 | Queue | Archer |
| 14:26 | Queue | Villager (Male) |
| 14:33 | Queue | Archer |
| 14:43 | Queue | Villager (Male) |
| 14:47 | Queue | Villager (Male) |
| 14:54 | Queue | Archer |
| 14:54 | Queue | Archer |
| 15:13 | Queue | Villager (Male) |
| 15:23 | Queue | Archer |
| 15:23 | Queue | Archer |
| 15:29 | Queue | Villager (Male) |
| 15:29 | Queue | Villager (Male) |
| 15:32 | Queue | Archer |
| 15:44 | Queue | Villager (Male) |
| 15:47 | Build | Blacksmith |
| 15:50 | Queue | Archer |
| 16:14 | Research | Fletching |
| 16:23 | Queue | Villager (Male) |
| 16:29 | Queue | Archer |
| 16:30 | Queue | Archer |
| 16:44 | Queue | Villager (Male) |
| 16:50 | Queue | Archer |
| 16:51 | Queue | Archer |
| 17:00 | Queue | Archer |
| 17:00 | Queue | Archer |
Build order — Pedro
116 actions detected in the replay
| 0:00 | Queue | Villager (Male) |
| 0:01 | Queue | Villager (Male) |
| 0:14 | Queue | Villager (Male) |
| 0:26 | Queue | Villager (Male) |
| 1:14 | Queue | Villager (Male) |
| 1:14 | Queue | Villager (Male) |
| 1:48 | Queue | Villager (Male) |
| 2:00 | Build | Lumber Camp |
| 2:02 | Queue | Villager (Male) |
| 2:39 | Queue | Villager (Male) |
| 3:02 | Queue | Villager (Male) |
| 3:32 | Queue | Villager (Male) |
| 3:39 | Queue | Villager (Male) |
| 4:10 | Queue | Villager (Male) |
| 4:29 | Queue | Villager (Male) |
| 5:06 | Build | Barracks |
| 5:17 | Queue | Villager (Male) |
| 5:21 | Queue | Villager (Male) |
| 5:52 | Queue | Villager (Male) |
| 6:00 | Queue | Militia |
| 6:00 | Queue | Militia |
| 6:00 | Queue | Militia |
| 6:14 | Queue | Villager (Male) |
| 6:19 | Queue | Villager (Male) |
| 6:22 | Build | Mill |
| 7:04 | Research | Loom |
| 7:57 | Research | Feudal Age |
| 7:58 | Research | Feudal Age |
| 7:58 | Research | Feudal Age |
| 8:01 | Build | Lumber Camp |
| 8:43 | Build | Mining Camp |
| 9:06 | Queue | Villager (Male) |
| 9:43 | Queue | Villager (Male) |
| 10:07 | Age | Feudal Age |
| 10:13 | Build | Archery Range |
| 10:18 | Research | Man-at-Arms (upgrade) |
| 10:18 | Research | Man-at-Arms (upgrade) |
| 10:19 | Queue | Villager (Male) |
| 10:33 | Queue | Villager (Male) |
| 10:37 | Build | Archery Range |
| 10:55 | Queue | Archer |
| 10:56 | Queue | Archer |
| 11:20 | Queue | Villager (Male) |
| 11:24 | Build | Palisade Wall |
| 11:25 | Build | Palisade Wall |
| 11:28 | Build | Palisade Wall |
| 11:35 | Build | Palisade Wall |
| 11:38 | Build | Palisade Wall |
| 11:39 | Build | Palisade Wall |
| 11:41 | Build | Palisade Wall |
| 11:49 | Build | Palisade Wall |
| 11:50 | Build | Palisade Wall |
| 11:54 | Queue | Archer |
| 11:55 | Queue | Archer |
| 12:05 | Queue | Archer |
| 12:06 | Queue | Archer |
| 12:09 | Build | Farm |
| 12:31 | Queue | Archer |
| 12:31 | Queue | Archer |
| 12:56 | Queue | Archer |
| 12:56 | Queue | Archer |
| 12:57 | Queue | Archer |
| 13:09 | Queue | Archer |
| 13:10 | Queue | Archer |
| 13:10 | Queue | Villager (Male) |
| 13:41 | Queue | Villager (Male) |
| 13:42 | Queue | Archer |
| 14:05 | Queue | Villager (Male) |
| 14:07 | Build | Blacksmith |
| 14:11 | Build | Farm |
| 14:19 | Queue | Archer |
| 14:19 | Queue | Archer |
| 14:30 | Build | Farm |
| 14:30 | Queue | Villager (Male) |
| 14:37 | Queue | Villager (Male) |
| 14:41 | Build | Farm |
| 14:49 | Build | Farm |
| 15:03 | Build | Watch Tower |
| 15:14 | Research | Fletching |
| 15:14 | Research | Fletching |
| 15:14 | Queue | Villager (Male) |
| 15:17 | Build | Farm |
| 15:28 | Queue | Villager (Male) |
| 15:34 | Queue | Archer |
| 15:35 | Queue | Archer |
| 15:38 | Queue | Archer |
| 15:38 | Queue | Archer |
| 15:39 | Queue | Villager (Male) |
| 15:50 | Queue | Archer |
| 15:50 | Queue | Archer |
| 15:50 | Queue | Archer |
| 15:52 | Queue | Archer |
| 15:53 | Queue | Archer |
| 15:54 | Queue | Skirmisher |
| 15:54 | Queue | Villager (Male) |
| 16:03 | Queue | Villager (Male) |
| 16:03 | Queue | Archer |
| 16:03 | Queue | Archer |
| 16:04 | Queue | Archer |
| 16:30 | Queue | Archer |
| 16:30 | Queue | Archer |
| 16:30 | Queue | Villager (Male) |
| 16:33 | Build | Farm |
| 16:33 | Build | Farm |
| 16:34 | Build | Farm |
| 16:34 | Build | Farm |
| 16:36 | Queue | Archer |
| 16:39 | Queue | Villager (Male) |
| 16:54 | Build | Palisade Wall |
| 16:55 | Build | Palisade Wall |
| 16:55 | Build | Palisade Wall |
| 16:57 | Build | Palisade Wall |
| 17:04 | Queue | Archer |
| 17:04 | Queue | Archer |
| 17:16 | Queue | Villager (Male) |
| 17:17 | Build | Farm |
Match timeline
| 2:40 | jimmyjedi · wall_segment Palisade Wall x1 |
| 5:06 | Pedro · first_building Barracks |
| 5:06 | jimmyjedi · first_building Barracks |
| 7:36 | jimmyjedi · wall_segment Palisade Wall x1 |
| 7:38 | jimmyjedi · wall_segment Palisade Wall x1 |
| 7:39 | jimmyjedi · wall_segment Palisade Wall x1 |
| 7:42 | jimmyjedi · wall_segment Palisade Wall x1 |
| 7:45 | jimmyjedi · wall_segment Palisade Wall x1 |
| 7:56 | jimmyjedi · wall_segment Palisade Wall x1 |
| 9:22 | jimmyjedi · age_up feudal |
| 10:07 | Pedro · age_up feudal |
| 10:13 | Pedro · first_building Archery Range |
| 10:17 | jimmyjedi · wall_segment Palisade Wall x1 |
| 10:18 | jimmyjedi · wall_segment Palisade Wall x1 |
| 11:24 | Pedro · wall_segment Palisade Wall x1 |
| 11:25 | Pedro · wall_segment Palisade Wall x1 |
| 11:28 | Pedro · wall_segment Palisade Wall x1 |
| 11:35 | Pedro · wall_segment Palisade Wall x1 |
| 11:38 | Pedro · wall_segment Palisade Wall x1 |
| 11:39 | Pedro · wall_segment Palisade Wall x1 |
| 11:41 | Pedro · wall_segment Palisade Wall x1 |
| 11:49 | Pedro · wall_segment Palisade Wall x1 |
| 11:50 | Pedro · wall_segment Palisade Wall x1 |
| 12:05 | jimmyjedi · first_building Archery Range |
| 16:54 | Pedro · wall_segment Palisade Wall x1 |
| 16:55 | Pedro · wall_segment Palisade Wall x1 |
| 16:55 | Pedro · wall_segment Palisade Wall x1 |
| 16:57 | Pedro · wall_segment Palisade Wall x2 |
| 17:19 | jimmyjedi · resign |
[ AI ANALYSIS · 1 CREDIT ]
What really happened in this match?
Wolo.gg analyzes every decision: build order, eco, micro, common mistakes by bracket. Personalized analysis on WhatsApp or Discord in 30 seconds.
Civ guide
Wu
Perfil
Jugador #1516626